 Dungeon Crawl Stone Soup version 0.27.1 (webtiles) character file.

Game seed: 4644403622296088732

1 Malachi the Ruffian (level 1, 0/18 HPs)
             Began as a Naga Transmuter on Aug 29, 2021.
             Slain by a quokka (1 damage)
             ... on level 1 of the Dungeon.
             The game lasted 00:00:28 (25 turns).

Malachi the Ruffian (Naga Transmuter)                 Turns: 25, Time: 00:00:28

Health: 0/18       AC:  1    Str: 12    XL:     1   Next: 20%
Magic:  1/3        EV:  9    Int: 13    God:
Gold:   0          SH:  0    Dex: 11    Spells: 3/4 levels left

rFire    . . .     SeeInvis +     - Unarmed
rCold    . . .     Faith    .   (no shield)
rNeg     . . .     Spirit   .   a - +0 robe
rPois    +         Reflect  .   (helmet currently unavailable)
rElec    .         Harm     .   (no cloak)
rCorr    .         Rampage  .   (no gloves)
Will     .....                  (no barding)
Stlth    +.........             (no amulet)
HPRegen  0.06/turn              (no ring)
MPRegen  0.08/turn              (no ring)

@: short of breath, appendages (expiring), very slow
A: horns 2, AC +0, large, see invisible, deformed body, poison resistance,
slowness 2, spit poison 1, naga tail 1
a: Spit Poison, End Transformation


You were on level 1 of the Dungeon.
You had temporarily grown beastly horns.
You visited 1 branch of the dungeon, and saw 1 of its levels.

Inventory:

Armour
 a - a +0 robe (worn)
 c - a +0 tower shield
Potions
 b - a potion of invisibility {unknown}


   Skills:
 - Level 1.0 Fighting
 - Level 1.5 Dodging
 - Level 3.0 Unarmed Combat
 - Level 2.0 Spellcasting
 * Level 2.0 Transmutations
 * Level 0.3 Poison Magic


You had 3 spell levels left.
You knew the following spells:

 Your Spells              Type           Power      Damage    Failure   Level
a - Beastly Appendage     Tmut           12%        N/A       11%         1

Your spell library contained the following spells:

 Spells                   Type           Power      Damage    Failure   Level
 Wereblood                Tmut           6%         N/A       17%         2
 Spider Form              Tmut/Pois      2%         N/A       43%         3
 Ice Form                 Ice/Tmut       3%         N/A       86%         4


Dungeon Overview and Level Annotations

Branches:
Dungeon (1/15)

Altars:


Innate Abilities, Weirdness & Mutations

You have temporarily grown beastly horns.
Your serpentine skin is tough. (AC +0)
You have supernaturally acute eyesight. (SInv)
Armour fits poorly on your strangely shaped body.
Your system is resistant to poisons. (rPois)
You cover ground very slowly.
You can spit poison.
You have a snake-like lower body.


Message History

Press: ? - help, Q - select action, (/) - cycle Dir - look around, f - activate
Okay, then.
Casting: Beastly Appendage (safe; 11% risk of failure)
Confirm with . or Enter, or press ? or * to list all spells.
You extend your transformation's duration.
The quokka barely misses you.
Press: ? - help, Shift-Dir - straight line, f - quokka
Aim: a quokka The splash of poison misses the quokka.
The splash of poison hits the bat.
The bat is poisoned.
You kill the bat!
The quokka bites you. The quokka completely misses you.
You closely miss the quokka. The quokka bites you.
You closely miss the quokka. The quokka bites you.
You hit the quokka but do no damage. Your headbutt misses the quokka.
The quokka bites you.
You hit the quokka.
The quokka is moderately wounded.
Your transformation is almost over.
The quokka bites you.
You hit the quokka but do no damage.
The quokka is moderately wounded.
The quokka bites you.
* * * LOW HITPOINT WARNING * * *
You hit the quokka but do no damage.
The quokka is moderately wounded.
You have got your breath back.
The quokka bites you but does no damage.
Press: ? - help, Shift-Dir - straight line, f/p - quokka
Aim: a quokka (moderately wounded)
The splash of poison hits the quokka.
The quokka is severely wounded.
The quokka bites you but does no damage.
Unknown command.
You barely miss the quokka. Your headbutt misses the quokka.
The quokka is severely wounded.
The quokka bites you.
* * * LOW HITPOINT WARNING * * *
The quokka bites you.
You die...

#....#
#....#
#....##
#.....
#..†.#
#....#
#..r.#
#@# #.#
#.#
#.#######
#.#.....#
#.#.....#
#.'..<..+
###.....#
#.....#


You could see a quokka.

Vanquished Creatures
  A bat (D:1)
1 creature vanquished.

Notes
Turn   | Place    | Note
-------+----------+-------------------------------------------
     0 | D:1      | Malachi the Naga Transmuter began the quest for the Orb.
     0 | D:1      | Reached XP level 1. HP: 18/18 MP: 3/3
    25 | D:1      | Slain by a quokka

Illustrated notes

Levels and vault maps discovered:
D:1:      minmay_arrival_checkered_box, layout_rooms

Action                   || total
-------------------------++-------
Melee: Unarmed           ||     7
 Cast: Beastly Appendage ||     2
 Abil: Spit Poison       ||     2
Armor: Robe              ||     2
Dodge: Dodged            ||     2
